 Dungeon Crawl Stone Soup version 0.18.1-6-gd335043 (webtiles) character file.

13536 Shtopit the Grappler (level 11, -12/110 HPs)
             Began as a Demonspawn Berserker on May 20, 2016.
             Was a High Priest of Trog.
             Killed from afar by a deep elf mage (21 damage)
             ... with a bolt of lightning
             ... on level 12 of the Dungeon.
             The game lasted 00:40:20 (12571 turns).

Shtopit the Grappler (Demonspawn Berserker)        Turns: 12571, Time: 00:40:20

Health: -12/110    AC: 21    Str: 24    XL:     11   Next: 76%
Magic:  0/11       EV: 10    Int:  9    God:    Trog [*****.]
Gold:   652        SH:  0    Dex: 16    Spells: 0 memorised, 10 levels left

rFire  . . .     SeeInvis .       - Unarmed
rCold  + . .     Gourm    .     K - +0 plate armour
rNeg   . . .     Faith    .     (no shield)
rPois  .         Spirit   +     T - +0 helmet
rElec  .         Dismiss  .     U - +0 cloak
rCorr  .         Reflect  .     (no gloves)
SustAt .         Harm     .     u - +1 pair of boots
MR     .....                    (no amulet)
Stlth  ..........               t - +3 ring of strength
                                G - +4 ring of dexterity

@: exhausted, about to teleport, slowed, very slow, not resistant to hostile
enchantments, extremely unstealthy
A: claws 1, rugged brown scales 3, cold resistance 1, foul stench 1, robust 2,
magic shield, rot immunity
a: Berserk, Trog's Hand, Brothers in Arms, Burn Spellbooks, Renounce Religion


You were on level 12 of the Dungeon.
You worshipped Trog.
Trog was extremely pleased with you.
You were near starving.

You visited 1 branch of the dungeon, and saw 12 of its levels.

You collected 652 gold pieces.

Inventory:

Hand Weapons
 a - a +4 triple crossbow of flaming
 S - a +0 hand crossbow
 V - a +0 shortbow
Missiles
 e - 21 poisoned needles
 F - 4 silver javelins (quivered)
 I - 2 needles of sleeping
 W - 55 arrows
Armour
 u - a +1 pair of boots (worn)
 K - a +0 plate armour (worn)
 T - a +0 helmet (worn)
 U - a +0 cloak (worn)
Jewellery
 b - an uncursed amulet of rage
 g - an uncursed ring of protection from magic
 r - an uncursed ring of ice
 t - a +3 ring of strength (right claw)
 v - a +3 ring of dexterity
 B - a +4 ring of strength
 G - a +4 ring of dexterity (left claw)
 O - a +3 amulet of reflection {unknown}
 R - a +2 ring of intelligence
 Z - an uncursed ring of flight {unknown}
Wands
 f - a wand of digging (8/24)
 w - a wand of flame (27/48)
 y - a wand of iceblast (5/15)
 M - a wand of lightning (3/15)
 Q - a wand of flame (31/48)
 Y - a wand of digging (9/24)
Scrolls
 l - 4 scrolls of identify
 n - 5 scrolls of teleportation
 p - a scroll of fear
 s - 3 scrolls of remove curse
 L - a scroll of enchant armour
 N - a scroll of recharging
 P - a scroll of fog
Potions
 h - a potion of haste
 o - a potion of agility
 D - 3 potions of resistance
 J - 4 potions of curing
Miscellaneous
 i - a crystal ball of energy
Comestibles
 c - 5 bread rations
 d - 4 meat rations
 x - 8 fruits
 z - 4 beef jerkies


   Skills:
 + Level 8.4 Fighting
   Level 2.8 Long Blades
 + Level 8.1 Armour
 + Level 5.8 Dodging
 * Level 12.5 Unarmed Combat


You had 10 spell levels left.
You didn't know any spells.

Dungeon Overview and Level Annotations

Branches:
Dungeon (12/15)            Temple (0/1) D:7            Lair (0/8) D:8
    Orc: D:9-12

Altars:
Ashenzari
Elyvilon
Fedhas
Gozag
Kikubaaqudgha
Makhleb
Nemelex Xobeh
Pakellas
Sif Muna
Xom
Yredelemnul
Zin
The Shining One

Shops:
D:4 (   D:7 %


Innate Abilities, Weirdness & Mutations

You have sharp fingernails.
You are completely covered in rugged brown scales (AC +3, +7% HP).
You may emit foul miasma when damaged in melee.
You are very robust (+20% HP).
When hurt, damage is shared between your health and your magic reserves.
You are immune to rotting.
Your flesh is cold resistant.


Message History

You feel better.
The deep elf mage hits you but does no damage.
An orc zombie comes into view.
Drink which item? (? for menu, Esc to quit)
You feel much better.
The deep elf mage gestures wildly while chanting.
The deep elf mage blinks!
The deep elf mage casts a spell.
The deep elf mage blinks!
A hungry ghost comes into view.
Read which item? (? for menu, Esc to quit)
As you read the scroll of teleportation, it crumbles to dust.
You feel strangely unstable. 2 zombies come into view.
A phantom and a zombie come into view.
The deep elf mage gestures at you while chanting.
The bolt of lightning hits you!
* * * LOW HITPOINT WARNING * * *
The bolt of lightning hits you!
You die...

..........#####
.#............#
.....###.##.#)### #
..##.# #.##...#?)?#
..##.###....###.#.
..........###)#..
......#####..##.# ##
....###......#))##..#
...##.......##..@...#
..##..)....##...###.#
..#..)...###..?e#
.##..#####......#
.#............WZ....
.#.#.##.###.....Z##.
.#...##.# #.##Z..#
.#......###Z##.#.W.
....................


You could see a deep elf mage, a hungry ghost and 3 orc zombies.

Vanquished Creatures
  A tengu warrior (D:12)
  Urug (D:12)
  3 hill giants
  Pikel (D:7)
  A deep elf mage (D:12)
  An ugly thing (D:12)
  A wizard (D:12)
  2 cyclopes (D:12)
  A wolf spider (D:12)
  Psyche (D:11)
  A troll (D:11)
  Prince Ribbit (D:6)
  A slime creature (D:12)
  6 yaks (D:11)
  3 orc warriors
  A basilisk (D:12)
  A wyvern (D:11)
  A steam dragon (D:10)
  3 hippogriffs
  2 hell hounds (D:8)
  2 wasps (D:11)
  4 ice beasts
  5 sky beasts
  A black bear (D:11)
  4 ogres
  3 centaurs
  Blork the orc (D:4)
  3 big kobolds
  6 giant frogs
  5 scorpions
  4 wights (D:9)
  2 howler monkeys
  6 crimson imps
  3 quasits
  5 hounds
  A giant frog skeleton (D:3)
  3 jellies
  8 orc wizards
  3 centaur skeletons
  7 orc priests
  A centaur zombie (D:11)
  3 gnoll shamans (D:3)
  2 iguanas
  6 worker ants
  A hound skeleton (D:11)
  2 hound zombies (D:7)
  A worker ant zombie (D:8)
  10 adders
  29 gnolls
  A howler monkey skeleton (D:7)
  4 shadow imps
  An ooze (D:4)
  3 adder skeletons
  5 worms
  2 dart slugs
  4 giant geckos
  42 orcs
  3 ball pythons
  14 bats
  2 giant cockroaches (D:2)
  4 goblins
  7 hobgoblins
  18 jackals (D:3)
  8 quokkas
  10 giant newts
  20 kobolds
  A quokka skeleton (D:4)
  5 rats
318 creatures vanquished.

Vanquished Creatures (others)
  A slave (D:7)
  3 orc wizards
  An orc (D:7)
  2 jackals (D:7)
7 creatures vanquished.

Grand Total: 325 creatures vanquished

Notes
Turn   | Place    | Note
--------------------------------------------------------------
     0 | D:1      | Shtopit the Demonspawn Berserker began the quest for the Orb.
     0 | D:1      | Reached XP level 1. HP: 18/18 MP: 1/1
     3 | D:1      | Noticed an electric eel
     9 | D:1      | Noticed an electric eel
   319 | D:1      | Gained mutation: You have sharp fingernails. [demonic ancestry]
   319 | D:1      | Reached XP level 2. HP: 24/24 MP: 2/2
   644 | D:1      | Found a sparkling altar of Nemelex Xobeh.
  1033 | D:2      | Gained mutation: When hurt, damage is shared between your health and your magic reserves. [demonic ancestry]
  1033 | D:2      | Reached XP level 3. HP: 25/29 MP: 3/3
  1282 | D:2      | Reached ** piety under Trog
  1550 | D:2      | Reached skill level 1 in Unarmed Combat
  1785 | D:3      | Gained mutation: You are partially covered in rugged brown scales (AC +1, +3% HP). [demonic ancestry]
  1785 | D:3      | Reached XP level 4. HP: 38/38 MP: 2/4
  1950 | D:3      | Reached skill level 2 in Unarmed Combat
  2183 | D:3      | Gained mutation: You are immune to rotting. [demonic ancestry]
  2183 | D:3      | Reached XP level 5. HP: 30/43 MP: 2/5
  2285 | D:3      | Noticed an ogre
  2318 | D:3      | Killed an ogre
  2318 | D:3      | Reached skill level 3 in Unarmed Combat
  2353 | D:3      | Found a faded altar to an unknown god.
  2789 | D:3      | Gained mutation: You may emit foul miasma when damaged in melee. [demonic ancestry]
  2789 | D:3      | Reached XP level 6. HP: 36/49 MP: 4/6
  3309 | D:3      | Reached *** piety under Trog
  4018 | D:3      | Gained mutation: You are robust (+10% HP). [demonic ancestry]
  4018 | D:3      | Reached XP level 7. HP: 33/62 MP: 7/7
  4048 | D:3      | Reached skill level 4 in Unarmed Combat
  4084 | D:2      | HP: 3/62 [poisoned by a gnoll]
  4588 | D:3      | Reached **** piety under Trog
  5059 | D:4      | Found an oddly glowing altar of Pakellas.
  5120 | D:4      | Found Maosigu's Weapon Shoppe.
  5270 | D:4      | Reached skill level 5 in Fighting
  5313 | D:4      | Reached skill level 5 in Unarmed Combat
  5313 | D:4      | Gained mutation: You are very robust (+20% HP). [demonic ancestry]
  5313 | D:4      | Reached XP level 8. HP: 49/76 MP: 8/8
  5507 | D:4      | Noticed Blork the orc
  5517 | D:4      | Killed Blork the orc
  5741 | D:5      | Entered Level 5 of the Dungeon
  5934 | D:5      | Found a white marble altar of Elyvilon.
  6029 | D:5      | Found a glowing silver altar of Zin.
  6093 | D:5      | Found a glowing golden altar of the Shining One.
  6756 | D:6      | Noticed Prince Ribbit
  6769 | D:6      | Killed Prince Ribbit
  6769 | D:6      | Reached skill level 6 in Unarmed Combat
  7320 | D:7      | Reached skill level 5 in Armour
  7419 | D:7      | Found a staircase to the Ecumenical Temple.
  7421 | D:7      | Noticed Pikel
  7432 | D:7      | Killed Pikel
  7432 | D:7      | Reached skill level 7 in Unarmed Combat
  7432 | D:7      | Gained mutation: You are mostly covered in rugged brown scales (AC +2, +5% HP). [demonic ancestry]
  7432 | D:7      | Reached XP level 9. HP: 71/86 MP: 3/9
  7626 | D:7      | Reached skill level 5 in Dodging
  7675 | D:7      | Found Bacruobb's Food Shoppe.
  7737 | D:7      | Reached ***** piety under Trog
  8047 | D:7      | Reached skill level 8 in Unarmed Combat
  8052 | D:7      | Found a shimmering altar of Xom.
  8175 | D:7      | Found a blossoming altar of Fedhas.
  8357 | D:8      | Found a staircase to the Lair.
  8599 | D:8      | Found an opulent altar of Gozag.
  8669 | D:8      | Found a deep blue altar of Sif Muna.
  8669 | D:8      | Found a shattered altar of Ashenzari.
  8675 | D:8      | Found a basalt altar of Yredelemnul.
  8935 | D:8      | Reached skill level 9 in Unarmed Combat
  9009 | D:8      | You fall through a shaft for 2 floors!
  9009 | D:10     | Entered Level 10 of the Dungeon
  9030 | D:10     | Reached XP level 10. HP: 95/96 MP: 8/10
  9394 | D:9      | Found an ancient bone altar of Kikubaaqudgha.
  9542 | D:9      | Found a burning altar of Makhleb.
 10295 | D:10     | Found an opulent altar of Gozag.
 10334 | D:10     | Received a gift from Trog
 10466 | D:10     | Reached skill level 10 in Unarmed Combat
 10538 | D:10     | You fall through a shaft!
 10550 | D:11     | Noticed Psyche
 11061 | D:11     | Killed Psyche
 11061 | D:11     | Reached skill level 11 in Unarmed Combat
 11183 | D:11     | Noticed a hill giant
 11190 | D:11     | Killed a hill giant
 11190 | D:11     | Gained mutation: You are completely covered in rugged brown scales (AC +3, +7% HP). [demonic ancestry]
 11190 | D:11     | Reached XP level 11. HP: 106/106 MP: 11/11
 11610 | D:12     | Noticed a hill giant
 11623 | D:12     | Killed a hill giant
 11728 | D:12     | Noticed Urug
 11737 | D:12     | Killed Urug
 11800 | D:12     | Noticed a hill giant
 11806 | D:12     | Killed a hill giant
 11867 | D:12     | Noticed a red ugly thing
 11879 | D:12     | Killed a red ugly thing
 11883 | D:12     | Reached skill level 12 in Unarmed Combat
 11948 | D:12     | Gained mutation: Your flesh is cold resistant. [potion of beneficial mutation]
 12131 | D:12     | Noticed a wolf spider
 12132 | D:12     | Noticed a deep elf mage
 12148 | D:12     | Killed a wolf spider
 12148 | D:12     | Received a gift from Trog
 12154 | D:12     | HP: 5/109 [deep elf mage/bolt of lightning (29)]
 12169 | D:12     | Killed a deep elf mage
 12538 | D:12     | Noticed a tengu warrior
 12538 | D:12     | Noticed a deep elf mage
 12540 | D:12     | Noticed a wizard
 12550 | D:12     | Killed a tengu warrior
 12558 | D:12     | Killed a wizard
 12565 | D:12     | HP: 1/110 [deep elf mage/bolt of lightning (23)]
 12571 | D:12     | Killed from afar by a deep elf mage

Skill      XL: |  1  2  3  4  5  6  7  8  9 10 11 |
---------------+----------------------------------+-----
Armour         | 2 3 4 5 6 7 8 |  8.1
Dodging        | 2 3 4 5 |  5.8
Unarmed Combat | 1 2 3 5 7 9 11 12 | 12.5
Fighting       | 4 5 6 7 8 |  8.4
Long Blades    | |  2.8

Action                   |  1- 3 |  4- 6 |  7- 9 | 10-12 || total
-------------------------+-------+-------+-------+-------++-------
Melee: Falchion          |    27 |       |       |       ||    27
       Unarmed           |   131 |   316 |   527 |   386 ||  1360
       Punch             |       |     4 |    20 |    21 ||    45
Invok: Berserk           |     2 |     3 |     7 |    11 ||    23
       Trog's Hand       |       |     1 |       |     1 ||     2
       Burn Spellbooks   |       |       |     2 |     1 ||     3
Evoke: Wand              |       |       |       |     1 ||     1
  Use: Potion            |       |     4 |       |     7 ||    11
       Scroll            |       |     1 |       |    25 ||    26
  Eat: Chunk             |     4 |    10 |    24 |    18 ||    56
       Beef jerky        |       |     1 |       |       ||     1
       Royal jelly       |       |       |       |     1 ||     1
       Pizza             |       |       |       |     1 ||     1
Armor: Scale mail        |    75 |   139 |    73 |       ||   287
       Animal skin       |     4 |       |       |       ||     4
       Chain mail        |       |       |   115 |       ||   115
       Plate armour      |       |       |   113 |   215 ||   328
Dodge: Dodged            |   119 |   223 |   255 |   145 ||   742
